 Dungeon Crawl Stone Soup version 0.28-a0-21-gf74fda84f9 (webtiles) character file.

Game seed: 15066890392098559940

226 ezpacito the Skirmisher (level 5, -13/41 HPs)
             Began as a Demonspawn Abyssal Knight on July 26, 2021.
             Was a Believer of Lugonu.
             Killed by divine providence
             ... invoked by an orc priest
              (15 damage)
             ... on level 4 of the Dungeon.
             The game lasted 00:04:48 (4484 turns).

ezpacito the Skirmisher (Demonspawn Abyssal Knight) Turns: 4484, Time: 00:04:49

Health: -13/41     AC:  8    Str: 12    XL:     5   Next: 69%
Magic:  7/7        EV:  9    Int: 14    God:    Lugonu [**....]
Gold:   139        SH:  0    Dex: 13    Spells: 7/7 levels left

rFire   . . .      SeeInvis .   j - +0 war axe
rCold   . . .      Faith    .   (no shield)
rNeg    . . .      Spirit   .   b - +0 scale mail
rPois   .          Reflect  .   (helmet restricted)
rElec   .          Harm     .   (no cloak)
rCorr   .          Rampage  .   (no gloves)
Will    .....                   (no boots)
Stlth   ..........              (no amulet)
HPRegen 0.13/turn               (no ring)
MPRegen 0.10/turn               (no ring)

@: no status effects
A: horns 1, slimy green scales 1, ignite blood 1
a: Renounce Religion, Depart the Abyss, Bend Space


You were on level 4 of the Dungeon.
You worshipped Lugonu.
Lugonu was pleased with you.
You visited 1 branch of the dungeon, and saw 4 of its levels.
You visited the Abyss 1 time.

You collected 139 gold pieces.

Inventory:

Hand Weapons
 a - a +1 hand axe
 h - a +0 battleaxe
 j - a +0 war axe (weapon)
 k - a +0 dagger of flaming
Missiles
 d - 3 boomerangs
 e - 19 stones
Armour
 b - a +0 scale mail (worn)
Potions
 i - a potion of cancellation
 m - a potion of mutation


   Skills:
 + Level 3.6 Fighting
 * Level 3.5 Axes
 + Level 2.5 Armour
 + Level 1.9 Dodging
 + Level 1.5 Spellcasting
 + Level 3.4 Invocations


You had 7 spell levels left.
You didn't know any spells.
Your spell library was empty.

Dungeon Overview and Level Annotations

Branches:
Dungeon (4/15)
 Temple: D:4-7

Altars:
Gozag
Yredelemnul
The Shining One


Innate Abilities, Weirdness & Mutations

You have a pair of small horns on your head.
You are partially covered in slimy green scales. (AC +2)
Your demonic aura sometimes causes spilled blood to erupt in flames.


Message History

You feel sick.
You feel sick. The scorpion barely misses you.
You hit the scorpion but do no damage.
The scorpion is moderately wounded.
Your surroundings suddenly seem different.
You feel sick.
An adder skeleton comes into view.
Found a scroll labelled GUOKOSU LUNIR.
An adder skeleton is nearby!
You feel sick.
You feel sick.
You are no longer poisoned.
A ball python and an orc come into view.
The ball python hisses angrily.
The orc shouts!
An orc priest comes into view. It is wielding a +0 dagger.
An orc comes into view. It is wielding a +0 trident.
An orc comes into view. It is wielding a +0 dagger.
The orc shouts! x2
The ball python bites you but does no damage.
The ball python grabs you.
* * * LOW HITPOINT WARNING * * *
The ball python constricts you.
You aren't carrying any scrolls.
Unknown command.
You aren't carrying any scrolls.
Cleave: j) +0 war axe
Press: ? - help, Dir - move target, f - adder skeleton
Aim: an adder skeleton (about 36% to evade your +0 war axe)
Okay, then.
The ball python's grasp on you weakens, but your attempt to escape fails.
The ball python bites you but does no damage.
The ball python constricts you. The adder skeleton bites you.
* * * LOW HITPOINT WARNING * * *
You escape the ball python's grasp.
The orc priest looks encouraged for a moment.
The adder skeleton barely misses you.
Found a plate armour.
The orc priest mumbles some strange prayers to Beogh against you.
Beogh smites you!
You die...

#....##
#.....#
#oZ...##
#oo....#
#######o...#
#.......S..#
#..........#
#..........#
#...@..#####
#......#
#......#
#.......?
#...?....#
#.....[..#
#........#
#........#


You could see an orc priest, 2 orcs, a ball python and an adder skeleton.

Vanquished Creatures
  An orc priest (D:2)
  Jessica (D:2)
  2 orc wizards
  A gnoll (D:1)
  A howler monkey skeleton (D:4)
  3 adders
  A worm (D:3)
  2 dart slugs
  6 orcs
  5 ball pythons
  4 bats
  2 endoplasms (D:1)
  5 giant cockroaches
  6 goblins
  3 hobgoblins (D:1)
  4 jackals (D:1)
  3 quokkas
  4 frilled lizards
  6 kobolds
  6 rats
66 creatures vanquished.

Vanquished Creatures (others)
  An adder (D:4)
1 creature vanquished.

Grand Total: 67 creatures vanquished

Notes
Turn   | Place    | Note
-------+----------+-------------------------------------------
     0 | Abyss:1  | ezpacito the Demonspawn Abyssal Knight began the quest for
                  | the Orb.
     0 | Abyss:1  | Reached XP level 1. HP: 18/18 MP: 2/2
    93 | Abyss:1  | Noticed a starcursed mass
    97 | Abyss:1  | Noticed a ynoxinul
   135 | Abyss:1  | Noticed a quasit
   137 | Abyss:1  | Noticed a large abomination
   141 | D:1      | Escaped the Abyss
   260 | D:1      | Reached skill level 1 in Dodging
   420 | D:1      | Gained mutation: Your demonic aura sometimes causes spilled
                  | blood to erupt in flames. [demonic ancestry]
   420 | D:1      | Reached XP level 2. HP: 19/24 MP: 3/3
   506 | D:1      | Reached * piety under Lugonu
   700 | D:1      | Reached XP level 3. HP: 13/29 MP: 3/5
   899 | D:1      | Found a faded altar of an unknown god.
  1446 | D:2      | Noticed Jessica
  1455 | D:2      | Killed Jessica
  1456 | D:2      | Reached skill level 1 in Spellcasting
  1456 | D:2      | Gained mutation: You have a pair of small horns on your
                  | head. [demonic ancestry]
  1456 | D:2      | Reached XP level 4. HP: 31/35 MP: 6/6
  3021 | D:2      | Gained mutation: You are partially covered in slimy green
                  | scales. (AC +2) [demonic ancestry]
  3021 | D:2      | Reached XP level 5. HP: 35/41 MP: 7/7
  3540 | D:3      | Reached ** piety under Lugonu
  3544 | D:3      | Found a basalt altar of Yredelemnul.
  3544 | D:3      | Found an opulent altar of Gozag.
  4480 | D:4      | HP: 1/41 [adder skeleton (3)]
  4484 | D:4      | Killed from afar by an orc priest

Illustrated notes

Levels and vault maps discovered:
D:1:      wander_arrival_peaceful_grave, layout_rooms, basic_ecumenical_altar,
          minmay_misc_feat_square
D:2:      layout_loops_corners, uniq_jessica
D:3:      layout_basic, gammafunk_temple_overflow_claw, minmay_box_of_dots
D:4:      layout_basic, xom_confusion_cloud

Skill      XL: |  1  2  3  4 |
---------------+-------------+-----
Axes           | 2 3 |  3.5
Dodging        | 1 |  1.9
Armour         | 2 |  2.5
Spellcasting   | 1 |  1.5
Invocations    | 3 |  3.4
Fighting       | |  3.6

Action                   |  1- 3 |  4- 6 || total
-------------------------+-------+-------++-------
Melee: Hand axe          |    71 |       ||    71
       Battleaxe         |    10 |    89 ||    99
       Headbutt          |       |    23 ||    23
       War axe           |       |    45 ||    45
Invok: Depart the Abyss  |     1 |       ||     1
  Use: Potion            |       |     5 ||     5
       Scroll            |       |     7 ||     7
Armor: Leather armour    |    31 |    15 ||    46
       Ring mail         |       |    44 ||    44
       Scale mail        |       |     7 ||     7
Dodge: Dodged            |    70 |    96 ||   166

Table legend: (Time is in decaauts)
 A = Elapsed time spent in this place.
 B = Non-inter-level travel time spent in this place.
 C = Inter-level travel time spent in this place.
 D = Time resting spent in this place.
 E = Time spent auto-exploring this place.
 F = Levels seen in this place.
 G = Mean time per level.
                   A        B        C        D        E       F      G
               +--------+--------+--------+--------+--------+-----+--------+
         Total |   4568 |   4360 |    208 |    741 |   2983 |   5 |  913.6 |
       Dungeon |   4427 |   4219 |    208 |    741 |   2890 |   4 | 1106.8 |
         Abyss |    141 |    141 |      0 |      0 |     93 |   1 |  141.0 |
               +--------+--------+--------+--------+--------+-----+--------+

Top non-repeatable levels by time:
     D:2: 2001 daAuts
     D:3: 1403 daAuts
     D:1: 983 daAuts
 Abyss:1: 141 daAuts
     D:4: 39 daAuts
